 Dungeon Crawl Stone Soup version 0.18.1-48-g4cf74bf (webtiles) character file.

21 Freeplumber the Grave Robber (level 2, -1/20 HPs)
             Began as a Centaur Necromancer on July 2, 2016.
             Slain by an adder (2 damage)
             ... on level 2 of the Dungeon on July 3, 2016.
             The game lasted 00:07:52 (753 turns).

Freeplumber the Grave Robber (Centaur Necromancer)   Turns: 753, Time: 00:07:53

Health: -1/20      AC:  5    Str: 10    XL:     2   Next: 62%
Magic:  2/4        EV:  9    Int: 14    God:
Gold:   131        SH:  0    Dex:  9    Spells: 2 memorised, 2 levels left

rFire  . . .     SeeInvis .     d - +0 hand axe
rCold  . . .     Gourm    .     a - +1 robe
rNeg   . . .     Faith    .     (no shield)
rPois  .         Spirit   .     (no helmet)
rElec  .         Dismiss  .     (no cloak)
rCorr  .         Reflect  .     (no gloves)
SustAt .         Harm     .     (no barding)
MR     .....                    (no amulet)
Stlth  +.........               (no ring)
                                (no ring)

@: very slightly contaminated, very quick, not resistant to hostile
enchantments, very unstealthy
A: hooves 3, deformed body, speed 2, tough skin 3
a: no special abilities


You were on level 2 of the Dungeon.
You were not hungry.

You visited 1 branch of the dungeon, and saw 2 of its levels.

You collected 131 gold pieces.

Inventory:

Hand Weapons
 d - a +0 hand axe (weapon)
Armour
 a - a +1 robe (worn)
Scrolls
 e - 2 scrolls of fog
 f - a scroll of fear {unknown}
 k - 3 scrolls of identify {unknown}
 m - a scroll of random uselessness {unknown}
 o - a scroll of amnesia {unknown}
Potions
 j - a potion of mutation {unknown}
 n - a potion of agility {unknown}
Books
 b - a book of Necromancy

   Spells                             Type                      Level
   a - Pain                           Necromancy                   1
   b - Animate Skeleton               Necromancy                   1
   c - Vampiric Draining              Necromancy                   3
   d - Regeneration                   Charms/Necromancy            3
   e - Animate Dead                   Necromancy                   4
   f - Control Undead                 Necromancy                   4
Comestibles
 c - 3 bread rations
 g - a slice of pizza
 i - a beef jerky


   Skills:
 + Level 1.6 Dodging
 + Level 1.2 Stealth
 + Level 1.6 Spellcasting
 + Level 4.1 Necromancy


You had 2 spell levels left.
You knew the following spells:

 Your Spells              Type           Power        Failure   Level  Hunger
a - Pain                  Necr           ##..         4%          1    ##.....
b - Animate Skeleton      Necr           N/A          4%          1    ##.....


Dungeon Overview and Level Annotations

Branches:
Dungeon (2/15)

Altars:


Innate Abilities, Weirdness & Mutations

You have hooves in place of feet.
Armour fits poorly on your strangely shaped body.
You cover ground very quickly.
You have extremely tough skin (AC +3).


Message History

Casting: Pain
Confirm with . or Enter, or press ? or * to list all spells.
Aiming: Pain
Press: ? - help, Shift-Dir - straight line, f - rat, p - hobgoblin
Aim: a rat (chance to defeat MR: 91%)
You miscast Pain.
You are very lightly contaminated with residual magic.
Nothing appears to happen.
You closely miss the hobgoblin. You kick the hobgoblin.
The hobgoblin is severely wounded.
You closely miss the adder. The adder barely misses you.
The hobgoblin hits you.
* * * LOW HITPOINT WARNING * * *
The rat bites you but does no damage. The hobgoblin hits you.
* * * LOW HITPOINT WARNING * * *
There is an open door here.
Read which item? (? for menu, Esc to quit)
As you read the scroll labeled HIMENO HEOL, it crumbles to dust.
The scroll dissolves into smoke.
It was a scroll of fog.
The adder bites you.
You die...

#......##
#.###.).#
#.......#
+.......#
#.......#
+..w....#
#.##.§.....#
#.....§§§§.#
####..§@§§.#
####S##.#
#..gr#+#
#......?..
#.........
###.......[
#........
#........
#...<....


You could see a worm, an adder, a hobgoblin and a rat.

Vanquished Creatures
  A ball python (D:1)
  2 bats
  2 giant cockroaches (D:2)
  2 goblins
  A hobgoblin (D:1)
  4 jackals (D:1)
  A kobold (D:2)
  A giant newt (D:1)
  3 rats
17 creatures vanquished.

Notes
Turn   | Place    | Note
--------------------------------------------------------------
     0 | D:1      | Freeplumber the Centaur Necromancer began the quest for the Orb.
     0 | D:1      | Reached XP level 1. HP: 14/14 MP: 3/3
    14 | D:1      | Learned a level 1 spell: Animate Skeleton
   433 | D:1      | Reached skill level 4 in Necromancy
   433 | D:1      | Reached XP level 2. HP: 19/20 MP: 2/4
   751 | D:2      | HP: 1/20 [hobgoblin (5)]
   753 | D:2      | Slain by an adder

Skill      XL: |  1 |
---------------+----+-----
Necromancy     | 4 |  4.1
Dodging        | |  1.6
Stealth        | |  1.2
Spellcasting   | |  1.6

Action                   || total
-------------------------++-------
Melee: Hand axe          ||    41
       Kick              ||     6
 Cast: Pain              ||    14
       Animate Skeleton  ||     3
  Use: Scroll            ||     3
Armor: Robe              ||    25
Dodge: Dodged            ||    31
